 Dungeon Crawl Stone Soup version 0.26-a0-784-g51bffae0b1 (console) character file.

Game seed: 3533898383046194369

21 Gather the Insei (level 2, -8/21 HPs)
             Began as a Barachi Transmuter on Nov 10, 2020.
             Engulfed by a cloud of steam (11 damage)
             ... on level 1 of the Dungeon.
             The game lasted 00:05:16 (1126 turns).

Gather the Insei (Barachi Transmuter)               Turns: 1126, Time: 00:05:16

Health: -8/21      AC:  2    Str: 11    XL:     2   Next: 83%
Magic:  5/5        EV: 12    Int: 13    God:
Gold:   58         SH:  0    Dex: 12    Spells: 4/5 levels left

rFire    . . .     SeeInvis .     - Unarmed
rCold    . . .     Faith    .   (no shield)
rNeg     . . .     Spirit   .   a - +0 robe
rPois    .         Reflect  .   (no helmet)
rElec    .         Harm     .   (no cloak)
rCorr    .         Rampage  .   (no gloves)
MR       .....                  (no boots)
Stlth    +.........             (no amulet)
HPRegen  0.07/turn              (no ring)
MPRegen  0.09/turn              (no ring)

@: slow
A: +LOS, swims, slowness 1, strong legs 1
a: Hop


You were on level 1 of the Dungeon.
You visited 1 branch of the dungeon, and saw 1 of its levels.

You collected 58 gold pieces.

Inventory:

Armour
 a - a +0 robe (worn)
Scrolls
 b - 3 scrolls of identify
Potions
 c - a potion of curing
 d - a potion of lignification


   Skills:
 - Level 1.2 Fighting
 - Level 2.1 Dodging
 + Level 4.4 Unarmed Combat
 - Level 2.1 Spellcasting
 - Level 2.1 Transmutations


You had 4 spell levels left.
You knew the following spells:

 Your Spells              Type           Power        Failure   Level
a - Beastly Appendage     Tmut           #.....       11%         1

Your spell library contained the following spells:

 Spells                   Type           Power        Failure   Level
 Wereblood                Tmut           #.......     16%         2
 Spider Form              Tmut/Pois      #.........   43%         3
 Ice Form                 Ice/Tmut       #.......     85%         4
 Blade Hands              Tmut           #.........   96%         5


Dungeon Overview and Level Annotations

Branches:
Dungeon (1/15)

Altars:


Innate Abilities, Weirdness & Mutations

You can be seen from farther away. (+LOS)
You can swim through water.
You cover ground slowly.
You can hop short distances.


Message History

Why would you want to do that?
You are engulfed in a cloud of scalding steam.
Really swim into a travel-excluded area?
Press: ? - help, v - describe, . - travel Some shallow water.
Really swim into a travel-excluded area?
Really walk into a travel-excluded area? [Y]es or [N]o only, please.
Really walk into a travel-excluded area?
Okay, then.
Really walk into a travel-excluded area?
Why would you want to do that?
You are engulfed in a cloud of scalding steam.
Press: ? - help, v - describe, . - travel Some lava.
You are engulfed in a cloud of scalding steam.
* * * LOW HITPOINT WARNING * * *
You are engulfed in a cloud of scalding steam.
Ouch! That really hurt!
You die...

#########.#...#####.# #.#####
............#.#...#.# #.#
#####.#.#.........#.#######.#
#.#...........#.........#
#.#.#.....###############
#.....#...........###
###.#.#......≈≈≈....#
#.........≈≈≈≈≈...#
#########.#.######≈######
......)......# ##≈≈#
############## #@### ....#
#§## ### ###.# ##≈##≈≈# #.#
##§§§≈≈≈# #.# #≈≈≈≈#### #.#
###≈≈# #.# #### ###


There were no monsters in sight!

Vanquished Creatures
  2 leopard geckos (D:1)
  A ball python (D:1)
  A giant cockroach (D:1)
  3 hobgoblins (D:1)
  2 kobolds (D:1)
  4 bats (D:1)
  A frilled lizard (D:1)
  2 goblins (D:1)
  A rat (D:1)
17 creatures vanquished.

Notes
Turn   | Place    | Note
-------+----------+-------------------------------------------
     0 | D:1      | Gather the Barachi Transmuter began the quest for the Orb.
     0 | D:1      | Reached XP level 1. HP: 15/15 MP: 3/3
   316 | D:1      | Reached XP level 2. HP: 21/21 MP: 3/5
   417 | D:1      | Reached skill level 4 in Unarmed Combat
  1126 | D:1      | Engulfed by a cloud of steam

Illustrated notes

Levels and vault maps discovered:
D:1:      minmay_arrival_hallway, layout_basic, roderic_lattice_a,
          lemuel_another_geyser

Skill      XL: |  1  2 |
---------------+-------+-----
Unarmed Combat | 4 |  4.4
Fighting       | |  1.2
Dodging        | |  2.1
Spellcasting   | |  2.1
Transmutations | |  2.1

Action                   || total
-------------------------++-------
Melee: Unarmed           ||    43
       Kick              ||    11
       Headbutt          ||     3
 Cast: Beastly Appendage ||    14
  Use: Scroll            ||     2
Armor: Robe              ||     8
Dodge: Dodged            ||    33

Table legend: (Time is in decaauts)
 A = Elapsed time spent in this place.
 B = Non-inter-level travel time spent in this place.
 C = Inter-level travel time spent in this place.
 D = Time resting spent in this place.
 E = Time spent auto-exploring this place.
 F = Levels seen in this place.
 G = Mean time per level.
                   A        B        C        D        E       F      G
               +--------+--------+--------+--------+--------+-----+--------+
         Total |   1274 |   1202 |     72 |     21 |   1007 |   1 | 1274.0 |
       Dungeon |   1274 |   1202 |     72 |     21 |   1007 |   1 | 1274.0 |
               +--------+--------+--------+--------+--------+-----+--------+

Top non-repeatable levels by time:
     D:1: 1274 daAuts
